 Dungeon Crawl Stone Soup version 0.20-a0-1017-gc3250ce (webtiles) character file.

161 HankScorpio the Cudgeler (level 5, 0/30 HPs)
             Began as a Gargoyle Gladiator on Apr 17, 2017.
             Slain by Magifyre's ghost (2 damage)
             ... on level 3 of the Dungeon.
             The game lasted 00:04:11 (2348 turns).

HankScorpio the Cudgeler (Gargoyle Gladiator)       Turns: 2348, Time: 00:04:12

Health: 0/30       AC: 20    Str: 17    XL:     5   Next: 42%
Magic:  5/5        EV:  7    Int:  9    God:
Gold:   152        SH:  0    Dex: 12    Spells: 4/4 levels left

rFire    . . .     SeeInvis .   w - +2 mace (protect)
rCold    . . .     Gourm    .   (no shield)
rNeg     + + .     Faith    .   x - +0 chain mail
rPois    ∞         Spirit   .   c - +0 helmet
rElec    +         Reflect  .   (no cloak)
rCorr    .         Harm     .   (no gloves)
MR       .....                  (no boots)
Stlth    ..........             (no amulet)
Regen    0.1/turn               g - ring of positive energy
MPRegen  0.1/turn               q - ring of loudness (curse)

@: protection aura
A: negative energy resistance 1, electricity resistance, unbreathing,
petrification resistance, rot immunity, AC +4
a: no special abilities


You were on level 3 of the Dungeon.
You were hungry.

You visited 1 branch of the dungeon, and saw 3 of its levels.

You collected 152 gold pieces.

Inventory:

Hand Weapons
 a - a +0 flail
 w - a +2 mace of protection (weapon)
Missiles
 d - 3 throwing nets (quivered)
Armour
 b - a +0 leather armour
 c - a +0 helmet (worn)
 x - a +0 chain mail (worn)
Jewellery
 g - a ring of positive energy (left hand)
 q - a cursed ring of loudness (right hand)
Wands
 v - a wand of digging (12/24)
Scrolls
 e - 2 scrolls of enchant armour {unknown}
 i - 3 scrolls of remove curse {unknown}
 j - 4 scrolls of identify {unknown}
 p - a scroll of random uselessness {unknown}
Potions
 h - 2 potions of heal wounds {unknown}
 l - a potion of mutation {unknown}
 m - a potion of agility {unknown}
 o - a potion of degeneration {unknown}
 s - 2 potions of lignification {unknown}
 t - a potion of curing {unknown}
 u - a potion of flight {unknown}
 z - a potion of might {unknown}
Comestibles
 f - 2 bread rations
 k - 2 meat rations
 n - 3 fruits
 r - a royal jelly


   Skills:
 - Level 2.1 Fighting
 + Level 5.9 Maces & Flails
 - Level 1.7 Throwing
 - Level 2.4 Dodging


You had 4 spell levels left.
You didn't know any spells.

Dungeon Overview and Level Annotations

Branches:
Dungeon (3/15)

Altars:
Ashenzari
Trog
Uskayaw

Annotations:
D:3 Magifyre's ghost, amateur FoFi


Innate Abilities, Weirdness & Mutations

You are resistant to torment.
Your stone body is resilient. (AC +4)
You are immune to poison.
You resist negative energy. (rN+)
You are resistant to electric shocks. (rElec)
You can survive without breathing.
You are immune to petrification.
You are immune to rotting.


Message History

Magifyre's ghost hits you but does no damage.
You hit Magifyre's ghost but do no damage.
Magifyre's ghost is severely damaged.
Magifyre's ghost hits you but does no damage.
You hit Magifyre's ghost but do no damage.
Magifyre's ghost is severely damaged.
Magifyre's ghost completely misses you.
You hit Magifyre's ghost.
Magifyre's ghost is almost destroyed.
Magifyre's ghost hits you but does no damage.
You hit Magifyre's ghost but do no damage.
Magifyre's ghost is almost destroyed.
Magifyre's ghost hits you but does no damage.
You closely miss Magifyre's ghost.
Magifyre's ghost is almost destroyed.
Magifyre's ghost completely misses you.
Your chain mail prevents you from hitting Magifyre's ghost.
Magifyre's ghost is almost destroyed.
Magifyre's ghost hits you.
You die...

######.........# #.######.#
............##.# #.# #.#
............##.# #.######.#
..........##.# #.#......# #
.........##.########.###### #
#..........##..(........# #
#.[...........####....#.#
########...........#########.#.##
...............W@..#.........#...
##########.#.....#.#.#######.####
# #.#.###.#.#.##### ### # #.#..
....#.....########
#.#.......#####.#.......
#........... #.#.######
############ #.#.# #.#.# ###
#.#.#


You could see Magifyre's ghost.

Vanquished Creatures
  Jessica (D:2)
  A gnoll (D:1)
  4 adders
  6 worms
  3 dart slugs
  2 leopard geckos (D:2)
  7 orcs (D:3)
  2 ball pythons (D:1)
  6 bats
  2 giant cockroaches
  4 goblins
  A hobgoblin (D:1)
  4 jackals (D:2)
  7 kobolds
  4 frilled lizards
  11 rats
65 creatures vanquished.

Notes
Turn   | Place    | Note
-------+----------+-------------------------------------------
     0 | D:1      | HankScorpio the Gargoyle Gladiator began the quest for the Orb.
     0 | D:1      | Reached XP level 1. HP: 12/12 MP: 1/1
    65 | D:1      | Reached XP level 2. HP: 16/17 MP: 2/2
   134 | D:1      | Reached skill level 4 in Maces & Flails
   162 | D:1      | Reached XP level 3. HP: 19/21 MP: 3/3
   877 | D:2      | Found a bloodstained altar of Trog.
   943 | D:2      | Noticed Jessica
   957 | D:2      | Killed Jessica
   957 | D:2      | Reached skill level 5 in Maces & Flails
   957 | D:2      | Reached XP level 4. HP: 23/26 MP: 4/4
  1037 | D:2      | Found a hide-covered altar of Uskayaw.
  1449 | D:2      | Reached XP level 5. HP: 28/30 MP: 5/5
  1565 | D:2      | Found a shattered altar of Ashenzari.
  2032 | D:3      | Noticed Magifyre's ghost (amateur FoFi)
  2348 | D:3      | Slain by Magifyre's ghost

Vault maps used:
D:1:      shiori_arrival_elements, serial_forest, infiniplex_forest_straight_2,
          infiniplex_forest_straight_3, infiniplex_forest_corner_1,
          infiniplex_forest_end_2, infiniplex_forest_lined_4_way,
          nrook_mini_vaults
D:2:      cheibrodos_old_hovel, lemuel_crystal_altar,
          eat_drink_and_be_merry_uskayaw, ashenzari_conservatory_becter,
          uniq_jessica

Skill      XL: |  1  2  3 |
---------------+----------+-----
Maces & Flails | 4 5 |  5.9
Fighting       | |  2.1
Throwing       | |  1.7
Dodging        | |  2.4

Action                   |  1- 3 |  4- 6 || total
-------------------------+-------+-------++-------
Melee: Flail             |    89 |   120 ||   209
       Mace              |       |    38 ||    38
  Eat: Chunk             |       |     4 ||     4
Armor: Leather armour    |    42 |    52 ||    94
       Chain mail        |       |    16 ||    16
Dodge: Dodged            |    55 |   118 ||   173
